[Event "44th Chess Olympiad Open 2022"]
[Site "Chennai"]
[Date "2022.08.05"]
[Round "7.31"]
[White "Tologontegin, Semetey"]
[Black "Gazik, Viktor"]
[Result "0-1"]
[ECO "B90"]
[WhiteElo "2378"]
[BlackElo "2544"]
[Annotator "ChessBase"]
[PlyCount "120"]
[EventDate "2022.07.29"]
[EventType "team-tourn"]
[EventCountry "IND"]
[SourceTitle "playchess.com"]
[Source "ChessBase"]
[SourceQuality "1"]
[WhiteTeam "Kyrgyzstan"]
[BlackTeam "Slovakia"]
[WhiteTeamCountry "KGZ"]
[BlackTeamCountry "SVK"]
[TimeControl "40/5400+30:1800+30"]

1. e4 c5 2. Nf3 d6 3. d4 cxd4 4. Nxd4 Nf6 5. Nc3 a6 6. a3 Nbd7 7. Bc4 Nc5 8. f3 e6 9. Ba2 b5 10. Bg5 Bb7 11. Qd2 Rc8 12. O-O-O Qb6 13. Rhe1 Be7 14. e5 dxe5 15. Rxe5 h6 16. Bf4 Rd8 17. Qe1 b4 18. axb4 Qxb4 19. Qe3 Nfd7 20. Rh5 g5 21. Bc7 Rc8 22. Be5 Nxe5 23. Qxe5 Rh7 24. Qe3 Bf6 25. h4 Na4 26. Nxa4 Qxa4 27. Bxe6 Bxd4 28. Qd3 Rd8 29. Kb1 Qb5 30. Qxb5+ axb5 31. Bf5 Rh8 32. Bd3 Bf6 33. hxg5 Bxg5 34. Bxb5+ Ke7 35. Rxd8 Rxd8 36. Bd3 Ke6 37. Rh1 Ke5 38. b4 Kf4 39. Re1 Rd4 40. b5 Ra4 41. Kb2 Kg3 42. Kb3 Rd4 43. Bf1 Kf2 44. Ra1 Be3 45. c4 Rh4 46. Rd1 Rh1 47. Rd7 Bc8 48. Rc7 Bf5 49. Rxf7 Bb1 50. c5 Rxf1 51. b6 Bxc5 52. b7 Bd3 53. Kc3 Ke2 54. Rc7 Rc1+ 55. Kb2 Rb1+ 56. Ka2 Be3 57. g4 Rb6 58. Re7 Kxf3 59. Rf7+ Kxg4 60. Rg7+ Bg5 0-1

[Event "44th Chess Olympiad Open 2022"]
[Site "Chennai"]
[Date "2022.08.05"]
[Round "7.31"]
[White "Abdyjapar, Asyl"]
[Black "Repka, Christopher"]
[Result "0-1"]
[ECO "A23"]
[WhiteElo "2306"]
[BlackElo "2516"]
[Annotator "TA"]
[PlyCount "104"]
[EventDate "2022.07.29"]
[EventType "team-tourn"]
[EventCountry "IND"]
[SourceTitle "playchess.com"]
[Source "ChessBase"]
[SourceQuality "1"]
[WhiteTeam "Kyrgyzstan"]
[BlackTeam "Slovakia"]
[WhiteTeamCountry "KGZ"]
[BlackTeamCountry "SVK"]
[TimeControl "40/5400+30:1800+30"]

1. c4 e5 2. g3 Nf6 3. Bg2 Bc5 4. Nc3 c6 5. Nf3 e4 6. Ng5 {[%emt 0:00:05] A23: English Opening: 1...e5 2 Nc3 Nf6 3 g3 c6.} d5 7. d4 Bb6 8. cxd5 {[%emt 0:03:55] The position is equal.} cxd5 {[%emt 0:00:05] [#]} 9. Nh3 $146 ({Predecessor:} 9. O-O Nc6 10. Be3 O-O 11. Nh3 Re8 12. Rc1 Bg4 13. Nf4 g5 14. Nh3 h6 15. Kh1 {0-1 (37) Badelka,O (2427)-Korchmar,V (2451) Chess.com INT 2020}) 9... Nc6 10. Be3 (10. Bg5 $1 $11 {remains equal.}) 10... Bf5 ({Black should try} 10... h6 $17 {White must now prevent ...Bf5.} 11. O-O O-O) 11. f3 $2 (11. Bg5 $1 $11) 11... exf3 $19 12. exf3 Qe7 13. Kf2 O-O 14. g4 {[%emt 0:25:34] [#]} (14. Nf4 $142) 14... Bg6 (14... Rae8 $1 $19 15. Re1 Qb4 $1 16. gxf5 Rxe3 $1 17. Rxe3 Bxd4) 15. g5 {[%emt 0:04:56] [#]} Rae8 $1 16. Re1 Nxd4 17. Qd2 {[%emt 0:00:00] [#]} (17. Bxd4 $17 Qxe1+ 18. Qxe1 Bxd4+ 19. Kf1 Rxe1+ 20. Rxe1) 17... Qxe3+ $3 18. Rxe3 Nc2 {[%emt 0:03:49][%mdl 64] Pin} 19. Nd1 Nh5 {[%emt 0:04:51] Chess con chili. 0x0.001f210a859ddp-1022s more active pieces.} ({Worse is} 19... Nxe3 20. Nxe3 Rxe3 21. Qxe3 Bxe3+ 22. Kxe3 Re8+ 23. Kd2 $17) 20. Rc1 Nxe3 ({Don't play} 20... Bxe3+ 21. Nxe3 Nxe3 22. Rc3 Nxg2 23. Kxg2 $14) (20... Rxe3 {is interesting.} 21. Nxe3 Bxe3+ 22. Qxe3 Nxe3 23. Kxe3 Bf5) 21. Nxe3 Bxe3+ 22. Qxe3 Rxe3 23. Kxe3 Re8+ 24. Kd2 Bf5 25. Rc7 g6 26. Rxb7 Rc8 $1 {[%emt 0:00:00] ...Rc2+ is the strong threat.} 27. Bf1 d4 28. Ng1 $2 (28. Rxa7 $17 Rc2+ 29. Ke1) 28... Nf4 29. Rb4 Rc2+ 30. Ke1 Rc1+ 31. Kf2 {[%emt 0:00:09] [#]} Bd3 $1 32. Bh3 Bc4 {[%emt 0:09:30] And now ...Nd3+ would win.} 33. Rb8+ Kg7 34. b3 Bd5 {[%emt 0:03:20] Threatens to win with ...d3.} 35. Rd8 d3 36. Ke3 Rxg1 37. Kxf4 d2 38. Rxd5 d1=Q 39. Rxd1 Rxd1 {[%emt 0:00:02][%mdl 4096] Endgame KR-KB} 40. Bc8 Rd2 41. a4 Rd3 42. a5 Rxb3 43. a6 Kf8 44. h4 Ke7 45. Kg4 Kd8 46. Bb7 {[%emt 0:00:12] [#]} Rb4+ (46... Rxb7 $142 $1 47. axb7 Kc7) 47. f4 {[%emt 0:00:03] [#]} (47. Kg3 $19) 47... Rxb7 $1 48. axb7 Kc7 {[%emt 0:00:05] ( -> ...a5)} 49. f5 a5 {[%emt 0:00:11][%cal Ba7a5,Ba5a4][%mdl 32] Black mates.} 50. h5 a4 51. hxg6 hxg6 52. fxg6 fxg6 {[%emt 0:00:12] Weighted Error Value: White=0.80/Black=0.20 (precise)} 0-1

[Event "44th Chess Olympiad Open 2022"]
[Site "Chennai"]
[Date "2022.08.05"]
[Round "7.32"]
[White "Kadric, Denis"]
[Black "Saraci, Nderim"]
[Result "1-0"]
[ECO "C54"]
[WhiteElo "2554"]
[BlackElo "2495"]
[Annotator "TA"]
[PlyCount "89"]
[EventDate "2022.07.29"]
[EventType "team-tourn"]
[EventCountry "IND"]
[SourceTitle "playchess.com"]
[Source "ChessBase"]
[SourceQuality "1"]
[WhiteTeam "Montenegro"]
[BlackTeam "Kosovo"]
[WhiteTeamCountry "MNE"]
[BlackTeamCountry "KOS"]
[TimeControl "40/5400+30:1800+30"]

1. e4 e5 2. Nf3 Nc6 3. Bc4 Bc5 4. c3 Nf6 5. d3 O-O 6. O-O d6 7. Re1 a6 8. Bb3 Ba7 9. h3 Ne7 10. Nbd2 Ng6 11. Nf1 c6 {[%emt 0:12:16] C54: Giuoco Piano: 4 c3 Nf6, main lines with 5 d4 and 5 d3.} 12. Ng3 d5 13. Bg5 h6 {[%emt 0:21:17] White is slightly better.} 14. Bxf6 Qxf6 15. exd5 cxd5 16. Bxd5 Nf4 {[%emt 0:15:53] Prevents Nh5.} 17. Rxe5 {[%emt 0:06:51] [#]} Qg6 $146 {[%emt 0:00:00] Prevents Nh5.} (17... Ng6 $142 18. Ne4 Qb6) ({Predecessor:} 17... Ng6 18. d4 Nxe5 19. Nxe5 Bb8 20. Qe2 Bxe5 21. dxe5 Qe7 {1-0 (63) Xu,Y (2545)-Yuan,Q (2372) China 2019}) 18. d4 $16 Bb8 {[%emt 0:00:23] [#]} 19. Bb3 $1 Bxe5 20. Nxe5 (20. dxe5 $6 Qd3 $14) 20... Qg5 21. Qf3 Be6 22. Ne4 Qh4 23. Nc5 {[%emt 0:09:20] Pair of Knights!} Qg5 24. Kh2 {[%emt 0:04:55] Chess con chili.} ({Not} 24. Nxb7 Nxh3+ 25. Kf1 Nf4 $16) (24. h4 $18 Qf6 25. Ned7 (25. Qxb7 Bxb3 26. axb3 Ne2+ 27. Kf1 Ng3+ 28. Ke1 Qxh4 $16) 25... Bxd7 26. Nxd7) 24... Bxb3 25. axb3 Ng6 26. Re1 Qd2 {[%emt 0:01:47] [#]} 27. Re2 (27. Ned3 $1 $18) 27... Nxe5 28. dxe5 ({But not} 28. Rxd2 $6 Nxf3+ 29. gxf3 Rfb8 $11) 28... Qd1 29. Nxb7 Qxb3 30. Nd6 Qe6 31. Nf5 {[%emt 0:00:42] White is much more active. The black rooks are badly placed.} (31. Qe4 $16) 31... Kh8 32. Nd4 Qb6 33. Qg3 $40 {[%emt 0:00:51][%mdl 128] White is out for blood.} a5 34. f4 Qg6 35. Qf3 f5 $2 {[%emt 0:00:33][%mdl 8192] Loses the game.} (35... a4 $16) 36. e6 $18 Rac8 $2 (36... Rfe8 37. Qd5 Ra7 38. Nxf5 Qf6) 37. Re5 {[%emt 0:00:18] Hoping for e7.} a4 38. e7 Rfe8 39. Nxf5 Qf6 40. Qe4 {[%emt 0:02:24] Re6 is the strong threat.} g6 41. Nxh6 {[%emt 0:31:53] Threatens to win with Re6.} Rc7 42. Ng4 Qg7 43. f5 gxf5 44. Rxf5 Rcxe7 45. Rh5+ {[%emt 0:00:00] Weighted Error Value: White=0.19 (very precise) /Black=0.60} 1-0

[Event "44th Chess Olympiad Open 2022"]
[Site "Chennai"]
[Date "2022.08.05"]
[Round "7.32"]
[White "Draskovic, Luka"]
[Black "Makolli, Perparim"]
[Result "1-0"]
[ECO "B23"]
[WhiteElo "2503"]
[BlackElo "2247"]
[Annotator "ChessBase"]
[PlyCount "75"]
[EventDate "2022.07.29"]
[EventType "team-tourn"]
[EventCountry "IND"]
[SourceTitle "playchess.com"]
[Source "ChessBase"]
[SourceQuality "1"]
[WhiteTeam "Montenegro"]
[BlackTeam "Kosovo"]
[WhiteTeamCountry "MNE"]
[BlackTeamCountry "KOS"]
[TimeControl "40/5400+30:1800+30"]

1. e4 c5 2. Nc3 e6 3. Nge2 a6 4. g3 Nc6 5. Bg2 Nd4 6. Nxd4 cxd4 7. Ne2 e5 8. d3 Ne7 9. c3 Nc6 10. cxd4 exd4 11. O-O Bc5 12. a3 a5 13. Nf4 O-O 14. Nd5 d6 15. f4 f5 16. Bd2 a4 17. Qe2 Be6 18. exf5 Bxf5 19. g4 Bd7 20. h3 Qh4 21. Qe1 Qxe1 22. Raxe1 Rae8 23. Be4 Kh8 24. Kg2 Rb8 25. Bf3 Be8 26. Nc7 Bf7 27. Bd5 Bxd5+ 28. Nxd5 Kg8 29. Re6 Rfe8 30. Rfe1 Rxe6 31. Rxe6 Kf7 32. Re4 b5 33. Kf3 Rb7 34. h4 Na7 35. h5 h6 36. g5 hxg5 37. fxg5 Nc6 38. g6+ 1-0

[Event "44th Chess Olympiad Open 2022"]
[Site "Chennai"]
[Date "2022.08.05"]
[Round "7.32"]
[White "Saraci, Korab"]
[Black "Djukic, Nikola"]
[Result "0-1"]
[ECO "B22"]
[WhiteElo "2287"]
[BlackElo "2526"]
[Annotator "TA"]
[PlyCount "84"]
[EventDate "2022.07.29"]
[EventType "team-tourn"]
[EventCountry "IND"]
[SourceTitle "playchess.com"]
[Source "ChessBase"]
[SourceQuality "1"]
[WhiteTeam "Kosovo"]
[BlackTeam "Montenegro"]
[WhiteTeamCountry "KOS"]
[BlackTeamCountry "MNE"]
[TimeControl "40/5400+30:1800+30"]

1. e4 c5 2. c3 Nf6 3. e5 Nd5 4. d4 cxd4 5. Nf3 d6 6. cxd4 Nc6 7. Bc4 Nb6 8. Bb5 dxe5 9. Nxe5 Bd7 10. Nxd7 Qxd7 11. Nc3 e6 12. O-O Rd8 $1 {[%emt 0:00:22][%mdl 4] is currently scoring better than 12...Be7. B22: Sicilian: 2 c3.} 13. Bg5 Be7 14. Bxe7 Qxe7 {[%emt 0:00:07] The position is equal.} 15. Qf3 O-O 16. Bxc6 bxc6 17. Rfd1 Qb4 {[%emt 0:05:17][%csl LRb2,LRd4] [#]} 18. Qxc6 $146 ({Predecessor:} 18. Rab1 Rxd4 19. Rxd4 Qxd4 20. Qxc6 h6 21. h3 {½-½ (21) Kaupat,L (806)-Popov,M (2060) LSS email 2017}) 18... Qxb2 {[%emt 0:01:57] [#] Strongly threatening ...Rc8.} 19. Na4 Nxa4 20. Qxa4 Qb7 21. Rdb1 Qe7 22. Rb4 g6 23. Qa5 (23. g3 $11 {keeps the balance.}) 23... Rd5 $17 24. Qa4 Rfd8 25. Re1 Qd7 26. Re4 e5 27. Kf1 (27. Qxd7 $142 R8xd7 28. Kf1 (28. Rb8+ Kg7 $17)) 27... Qf5 ({Much worse is} 27... Rxd4 $6 28. Rexd4 (28. Qxd7 R4xd7 29. Rxe5 Rc8 $11) 28... exd4 29. Qxd7 Rxd7 30. Ke2 $11) 28. f3 exd4 29. Rb1 (29. Rb2 $17 {was worth a try.}) 29... Ra5 30. Qc4 Rc5 31. Qb4 d3 {[%emt 0:03:40] [#] White must now prevent ...d2.} 32. Rd1 Qc8 ({Black should try} 32... a5 $19 33. Qe1 Qd7) 33. Rd4 Rcd5 {[%emt 0:00:58] Black is more active.} (33... Rxd4 $17 34. Qxd4 Rc2 35. Rxd3 Rxa2) 34. Rc4 ({White must play} 34. R1xd3 $1 $15 Qa6 35. Kg1 Qxd3 36. Rxd3 Rxd3 37. h4) 34... Qe6 35. Re4 {[%emt 0:00:25] Inhibits Qe2+.} Qf6 $36 {[%emt 0:00:18][%mdl 2048] Black is really pushing.} 36. Rd2 Kg7 37. Re3 a5 38. Qe4 (38. Qb3 $17) 38... Qc3 $19 39. Ke1 (39. Rd1) 39... Qa1+ $2 (39... R8d6 {( -> ...Re6)} 40. Qa4 Rb6) 40. Kf2 Qc3 $2 (40... Qb1 41. Re1 Qb6+ 42. Kf1 Qd6) 41. Ke1 $1 R8d6 42. Qa4 Qc5 {[%emt 0:01:19] Weighted Error Value: White=0.51/Black=0.43} 0-1

[Event "44th Chess Olympiad Open 2022"]
[Site "Chennai"]
[Date "2022.08.05"]
[Round "7.32"]
[White "Asllani, Muhamet"]
[Black "Blagojevic, Dragisa"]
[Result "0-1"]
[ECO "C54"]
[WhiteElo "2235"]
[BlackElo "2499"]
[Annotator "ChessBase"]
[PlyCount "74"]
[EventDate "2022.07.29"]
[EventType "team-tourn"]
[EventCountry "IND"]
[SourceTitle "playchess.com"]
[Source "ChessBase"]
[SourceQuality "1"]
[WhiteTeam "Kosovo"]
[BlackTeam "Montenegro"]
[WhiteTeamCountry "KOS"]
[BlackTeamCountry "MNE"]
[TimeControl "40/5400+30:1800+30"]

1. e4 e5 2. Nf3 Nc6 3. Bc4 Bc5 4. c3 Nf6 5. d3 O-O 6. b4 Be7 7. b5 Na5 8. Nxe5 d5 9. exd5 Nxd5 10. O-O Be6 11. Bb3 Nxb3 12. Qxb3 Ne3 13. c4 Nxf1 14. Kxf1 Bf6 15. Bb2 Bxe5 16. Bxe5 Bf5 17. Kg1 Re8 18. Bc3 Qxd3 19. Nd2 Be6 20. h3 f6 21. Rc1 Bf7 22. Qb4 Re2 23. c5 Rd8 24. Nf1 Rc2 25. Rxc2 Qxc2 26. Ne3 Qxa2 27. Qf4 Qb1+ 28. Kh2 Qd3 29. Ba1 Qd7 30. g4 Be6 31. g5 fxg5 32. Qxg5 Rf8 33. f4 Qd2+ 34. Ng2 Rf7 35. b6 axb6 36. cxb6 cxb6 37. f5 Qxg5 0-1

[Event "44th Chess Olympiad Open 2022"]
[Site "Chennai"]
[Date "2022.08.05"]
[Round "7.33"]
[White "Dardha, Daniel"]
[Black "Okeke Issac"]
[Result "1-0"]
[ECO "A18"]
[WhiteElo "2575"]
[BlackElo "2204"]
[Annotator "TA"]
[PlyCount "53"]
[EventDate "2022.07.29"]
[EventType "team-tourn"]
[EventCountry "IND"]
[SourceTitle "playchess.com"]
[Source "ChessBase"]
[SourceQuality "1"]
[WhiteTeam "Belgium"]
[BlackTeam "Nigeria"]
[WhiteTeamCountry "BEL"]
[BlackTeamCountry "NGR"]
[TimeControl "40/5400+30:1800+30"]

1. c4 Nf6 2. Nc3 e6 3. e4 d5 4. e5 d4 5. exf6 dxc3 6. bxc3 Qxf6 7. Nf3 Qd8 {[%emt 0:09:23] A18: English Opening: Flohr-Mikenas System (1 c4 Nf6 2 Nc3 e6 3 e4).} 8. d4 Be7 9. Bd3 c5 {[%emt 0:05:32] White is better.} 10. O-O O-O 11. Bf4 {[%emt 0:02:25] [#]} cxd4 $146 ({Predecessor:} 11... g6 12. Rb1 Nc6 13. Be4 Bf6 14. Bxc6 bxc6 15. Qa4 cxd4 16. cxd4 Qd7 17. c5 a5 {1-0 (29) Van der Sterren,P (2535)-Spoelman,W (2183) Enschede 2003}) 12. cxd4 Nc6 13. Rb1 b6 ({Black should try} 13... f5 $14) 14. d5 $16 Na5 15. Re1 {[%emt 0:03:30][%cal Bf1e1,Be1e3,Be3e5,Be5e8,Be8f8][%mdl 32] White is much more active. The black rooks are badly placed.} exd5 16. cxd5 {[%emt 0:01:19][%cal Bc4d5,Bd5d6][%mdl 32] Strongly threatening Qc2.} Bb7 $2 {[%emt 0:04:59] This costs Black the game.} (16... Bd6 $16 17. Bg5 f6) 17. d6 $18 Bf6 18. Ne5 {[%emt 0:00:29] Threatens to win with Qh5.} Rc8 $2 (18... g6 19. Bb5 Bg5) 19. Qg4 (19. Qh5 g6 20. Qh3 Rc5 $16) (19. d7 $142 Rc5 20. Rb5 (20. Qh5 g6 $16) 20... Bxe5 21. Bxe5 (21. Rxe5 Rxe5 22. Rxe5 Bc6 $18)) 19... Rc5 20. Re3 {[%emt 0:13:49][%cal Od3h7] aiming for Bxh7+!} Rxe5 (20... Bxe5 $142 21. Rxe5 (21. Bxe5 Rxe5 22. Rxe5 Qxd6 $18) 21... Bc8) 21. Bxe5 Bxe5 22. Rxe5 Qxd6 23. Qg3 $40 {[%emt 0:04:02][%mdl 128] White goes for the king.} ({Not} 23. Bxh7+ Kxh7 24. Qh3+ (24. Rxa5 bxa5 25. Rxb7 Kg8 $11) 24... Kg8 $16) 23... Nc6 $2 {[%emt 0:01:00] [#]} (23... Qc6 24. Rbe1 g6) 24. Bxh7+ $1 {[%emt 0:00:59][%mdl 512] White is clearly winning.} Kh8 {[%emt 0:00:27] [#]} 25. Re8 Qxg3 (25... Kxh7 26. Qxd6) 26. Rxf8+ Kxh7 27. hxg3 {[%emt 0:00:04] Weighted Error Value: White=0.29 (precise) /Black=0.56} 1-0

[Event "44th Chess Olympiad Open 2022"]
[Site "Chennai"]
[Date "2022.08.05"]
[Round "7.33"]
[White "Lenaerts, Lennert"]
[Black "Kigigha, Bomo"]
[Result "1-0"]
[ECO "B33"]
[WhiteElo "2379"]
[BlackElo "2251"]
[Annotator "TA"]
[PlyCount "89"]
[EventDate "2022.07.29"]
[EventType "team-tourn"]
[EventCountry "IND"]
[SourceTitle "playchess.com"]
[Source "ChessBase"]
[SourceQuality "1"]
[WhiteTeam "Belgium"]
[BlackTeam "Nigeria"]
[WhiteTeamCountry "BEL"]
[BlackTeamCountry "NGR"]
[TimeControl "40/5400+30:1800+30"]

1. e4 c5 2. Nf3 Nc6 3. d4 cxd4 4. Nxd4 Qb6 5. Nb3 Nf6 6. Nc3 e6 7. Be3 Qc7 8. a3 a6 9. f4 d6 10. g4 {[%emt 0:00:05][%cal Bg2g4,Bg4g5][%mdl 32] is the new trend. B33: Sicilian: Pelikan and Sveshnikov Variations.} h6 11. Bg2 b5 {[%emt 0:02:44] [#]} 12. h4 $146 {[%emt 0:05:35] White is slightly better.} ({Predecessor:} 12. Qe2 Bb7 13. O-O-O b4 14. axb4 Nxb4 15. h4 h5 16. g5 Ng4 17. Bg1 g6 18. Bd4 {1-0 (38) Samunenkov,I (2428)-Gulevich,A (2304) Chess.com INT 2022}) 12... Bb7 (12... b4 $11 {keeps the balance.} 13. axb4 Nxb4) 13. g5 Ng8 (13... hxg5 $14 14. hxg5 Rxh1+ 15. Bxh1 Nd7) 14. f5 {[%emt 0:15:38] White is more active.} ({White should play} 14. Qd2) 14... d5 $2 {[%emt 0:15:35] [#]} (14... hxg5 $16 {was necessary.} 15. hxg5 Rxh1+ 16. Bxh1 Ne5) 15. exd5 Qg3+ 16. Kf1 O-O-O $2 (16... Qxe3 17. dxc6 Qf4+ 18. Qf3 (18. Kg1 Qe3+ 19. Kf1 Qf4+ 20. Qf3 Qxf3+ 21. Bxf3 Bc8 $18) 18... Qxf3+ 19. Bxf3 Bc8) 17. Rh3 $18 {[%emt 0:11:01] Really sharp!} ({Weaker is} 17. dxc6 Rxd1+ 18. Nxd1 (18. Rxd1 Bxc6 19. Bxc6 Qxe3 $17) 18... Ba8 19. fxe6 fxe6 $15) 17... Qe5 18. Qf3 Nce7 (18... exd5 $142 19. Nxd5 hxg5 20. Bxg5 Rxd5) 19. fxe6 Nxd5 20. exf7 Nge7 21. Bd4 Qd6 (21... Qf5 22. Qxf5+ Nxf5) 22. Re1 Rd7 23. Nc5 Nxc3 24. Qxb7+ Rxb7 25. Bxb7+ {[%emt 0:00:05] A strong pair of Bishops.} Kd8 26. Ne6+ Kd7 27. Bxc3 Qxe6 28. Rd3+ Qd6 29. Rxd6+ Kxd6 30. Bb4+ Kd7 31. Bxa6 hxg5 32. Bxb5+ Kd8 33. hxg5 Rh1+ 34. Kg2 Rxe1 35. Bxe1 {[%emt 0:00:02][%mdl 4096] Endgame KBB-KBN} Nd5 36. Ba5+ Ke7 37. Kf3 Kd6 38. Bc4 {[%emt 0:00:31] [#] Threatening mate with Bxd5.} Ne7 39. Ke4 Kc5 40. Ba2 Nc6 41. Bb4+ {[%emt 0:31:36] White mates.} Nxb4 42. axb4+ Kxb4 43. Kf5 Kc5 44. Kg6 Kd6 45. Kh7 {[%emt 0:00:00] White took control after the opening.  Weighted Error Value: White=0.63/Black=1.20} 1-0

[Event "44th Chess Olympiad Open 2022"]
[Site "Chennai"]
[Date "2022.08.05"]
[Round "7.33"]
[White "Adebayo, Adegboyega"]
[Black "Hovhannisyan, Mher"]
[Result "0-1"]
[ECO "D02"]
[WhiteElo "2313"]
[BlackElo "2420"]
[Annotator "TA"]
[PlyCount "126"]
[EventDate "2022.07.29"]
[EventType "team-tourn"]
[EventCountry "IND"]
[SourceTitle "playchess.com"]
[Source "ChessBase"]
[SourceQuality "1"]
[WhiteTeam "Nigeria"]
[BlackTeam "Belgium"]
[WhiteTeamCountry "NGR"]
[BlackTeamCountry "BEL"]
[TimeControl "40/5400+30:1800+30"]

1. d4 d5 2. Bf4 Nf6 3. e3 g6 4. Nf3 Bg7 5. Be2 O-O 6. O-O c5 7. c3 Nc6 {[%emt 0:01:44] D02: 1 d4 d5 2 Nf3 sidelines, including 2...Nf6 3 g3 and 2...Nf6 3 Bf4.} 8. Nbd2 Nd7 9. Qb3 cxd4 {[%emt 0:10:59] White is slightly better.} 10. cxd4 {[%emt 0:01:08] [#]} e5 $146 ({Predecessor:} 10... Nb6 11. Rfc1 Bg4 12. h3 Bxf3 13. Nxf3 Rc8 14. Rc5 e6 15. Rac1 Qe7 16. Bb5 e5 17. Nxe5 Nxe5 18. Rxc8 Rxc8 19. Rxc8+ Nxc8 20. dxe5 Bxe5 21. Qxd5 Bxb2 {1-0 (62) Renner,C (2375)-Velicka,P (2409) Austria 2014}) 11. dxe5 Ndxe5 12. Nxe5 Nxe5 13. Nf3 Nc6 14. Rfd1 Qb6 15. Qxb6 axb6 16. Nd4 Nxd4 17. exd4 Re8 18. Bb5 Re4 19. Be3 Bf6 20. a4 Re7 21. b3 Bd7 22. Bd3 Kg7 23. h3 h5 24. Rac1 Ree8 25. Rc2 h4 26. Kf1 Bc6 27. Be2 Re6 28. Ke1 Rae8 29. Kd2 Be7 30. Kc3 f5 31. Bd3 Bf6 32. Bf4 Rc8 33. Be5 Bxe5 34. dxe5 d4+ 35. Kxd4 Rd8+ {[%emt 0:00:03][%mdl 64] Deflection} 36. Kc3 $1 Rxe5 37. f3 Rc5+ 38. Kb2 Rcd5 39. Rcd2 Kf6 40. Kc3 Kg5 (40... Ke5 $1 $15) 41. Bc4 $11 Rxd2 42. Rxd2 Rxd2 43. Kxd2 {[%emt 0:00:00][%mdl 4096] Endgame KB-KB} Kf4 44. Ke2 $1 Kg3 45. Kf1 g5 {[%emt 0:02:22] Threatens to win with ...g4.} 46. Be6 (46. Bb5 $1 $11 {keeps the balance.} Bxb5+ 47. axb5) 46... Kf4 $17 47. Ke2 b5 48. axb5 {[%emt 0:00:00][%mdl 8192] Loses the game.} (48. a5 $17) 48... Bxb5+ $19 {[%emt 0:00:05] Black is clearly winning.} 49. Kf2 Ke5 50. Bc8 b6 {[%emt 0:01:02] White must now prevent ...Bd3.} 51. Ke3 Bf1 52. Kf2 {[%emt 0:09:06] [#]} Bd3 $1 {[%emt 0:00:11] aiming for ...f4.} 53. Ke3 Bc2 54. b4 Bb1 55. Ba6 (55. Bb7 $142 f4+ 56. Kd2) 55... f4+ 56. Kd2 {[%emt 0:00:27] [#]} Kd4 $1 57. Be2 Bf5 58. Bb5 Be6 59. Ba6 Bd5 60. Bb5 Bc4 61. Bd7 Bf1 62. Ke1 Ba6 {[%emt 0:01:00] Hoping for ...Kc4.} ({Weaker is} 62... Bxg2 63. Kf2 Bh1 64. Bc6 $11) 63. Kd2 Ke5 $2 {[%emt 0:01:25] Weighted Error Value: White=0.36/Black=0.07 (flawless)} (63... Kc4 64. b5 Bxb5) 0-1

[Event "44th Chess Olympiad Open 2022"]
[Site "Chennai"]
[Date "2022.08.05"]
[Round "7.33"]
[White "Balogun, Oluwafemi"]
[Black "Maerevoet, Sim"]
[Result "1-0"]
[ECO "B45"]
[WhiteElo "2274"]
[BlackElo "2409"]
[Annotator "TA"]
[PlyCount "101"]
[EventDate "2022.07.29"]
[EventType "team-tourn"]
[EventCountry "IND"]
[SourceTitle "playchess.com"]
[Source "ChessBase"]
[SourceQuality "1"]
[WhiteTeam "Nigeria"]
[BlackTeam "Belgium"]
[WhiteTeamCountry "NGR"]
[BlackTeamCountry "BEL"]
[TimeControl "40/5400+30:1800+30"]

1. e4 c5 2. Nf3 e6 3. d4 cxd4 4. Nxd4 Nf6 5. Nc3 Nc6 6. Ndb5 Bc5 7. Bf4 {[%emt 0:16:11] Black must now prevent Nc7+. The main line 7.Bf4 scores better than 7.Nd6+.} O-O {[%emt 0:01:11] B45: Sicilian Four Knights.} 8. e5 (8. Bc7 $14 Qe7 9. Bd6 Bxd6 10. Qxd6 (10. Nxd6 Ne8 $11)) 8... a6 $11 9. Nd6 Bxd6 (9... Ne8 $1 $11) 10. Qxd6 $14 Qb6 $2 (10... Ne8 $14 11. Qd2 Qa5) 11. exf6 $18 Qxb2 {[%emt 0:02:15] [#]} 12. Kd2 Qxa1 (12... Qb4 13. Qxb4) 13. fxg7 {[%emt 0:03:37][%csl Gd6][%cal Rg7f8] Active counter play!} Re8 14. Bh6 {[%emt 0:03:12] Intending Qf8+ and mate.} Ne7 {[%emt 0:01:58] [#]} 15. Be2 $146 ({Predecessor:} 15. g4 a5 16. Bg2 Qb2 17. Rb1 Ra6 18. Qg3 Qxb1 19. Nxb1 e5 20. Be3 Re6 21. Nc3 {1-0 (30) Dubov,D (2703)-Basso,P (2521) Skopje 2019}) 15... Qxh1 $16 16. Ne4 Qa1 {[%emt 0:00:37] Against Nf6+} 17. g4 (17. Bh5 $1 $16) 17... b5 $1 $11 (17... Nd5 $2 18. Qf8+) (17... f5 $2 18. gxf5 a5 19. f6 $18) 18. c3 $2 (18. g5 $1 $11 {and White stays safe.} Bb7 19. Nf6+ Qxf6 20. gxf6) 18... Qb2+ $19 ({Don't blunder} 18... Qxa2+ $2 19. Kc1 Qa1+ 20. Kc2 Qa4+ 21. Kd3 Qc4+ 22. Ke3 Nd5+ 23. Kf3 Qxe4+ 24. Kxe4 $17) (18... Nd5 $2 19. Qf8+) 19. Kd3 Qb1+ (19... Nd5 $2 {leads to mate.} 20. Qf8+) 20. Kd4 e5+ $1 21. Ke3 {[%emt 0:02:38][%cal Re4f6,Bd4e3,Be3d2,Bd2c1][%mdl 32] [#]} f5 $2 ({Wrong is} 21... Qc1+ $2 22. Kd3 Qb1+ 23. Ke3 Nd5+ 24. Qxd5 Qc1+ 25. Qd2 Qxd2+ 26. Kxd2 $19) (21... Nd5+ $1 $19 22. Qxd5 Qc1+ 23. Qd2 Qxd2+ 24. Kxd2 Re6) 22. Nf6+ $14 Kf7 23. Nxe8 $40 {[%emt 0:02:36][%mdl 128] White wants to mate with Qf6+. Black needs to defend precisely. Really sharp!} f4+ 24. Kd2 $1 Qxa2+ 25. Kc1 {[%emt 0:04:09] Qf6+ would kill now.} Qe6 {[%emt 0:03:46] Prevents Qf6+.} 26. Bf3 (26. Bg5 $11 {keeps the balance.}) 26... Bb7 27. Qxe6+ {[%emt 0:03:09][%mdl 64] Remove Defender} dxe6 $4 (27... Kxe6 $17 {and life is bright.} 28. Nc7+ Kf7 29. Bxb7 Ra7 30. Bd5+ Kg6 31. Nxb5 axb5) 28. Nd6+ $18 Kg6 29. Bxb7 Rd8 30. Be4+ Kxh6 31. Nf7+ Kxg7 32. Nxd8 {[%emt 0:00:00][%mdl 4096] Endgame} Kf6 33. h4 h6 34. Kc2 Nc8 35. Bb7 Nd6 36. Bxa6 e4 37. Nb7 Nc4 {[%emt 0:00:02] White is clearly winning.} 38. Kd1 Ne5 39. Nd6 Nxg4 40. Nxe4+ Ke5 41. f3 Ne3+ 42. Ke2 Nf5 43. h5 Ng7 44. Bxb5 Nxh5 45. c4 Ng7 46. c5 Nf5 47. Be8 Ne7 48. Kd3 {[%emt 0:00:00] Hoping for c6.} Nd5 49. Kc4 {[%emt 0:00:00] aiming for c6.} Nc7 50. Bh5 Kf5 51. c6 {[%emt 0:00:00] Weighted Error Value: White=0.53/Black=0.81} 1-0